 Dungeon Crawl Stone Soup version 0.29-a0-284-gf9362112df (webtiles) character file.

Game seed: 11152154503334054258

288 epen the Bolt Thrower (level 6, -4/38 HPs)
             Began as a Kobold Hunter on Mar 14, 2022.
             Slain by a gnoll
             ... wielding a +0 halberd of protection
              (11 damage)
             ... on level 3 of the Dungeon.
             The game lasted 00:03:23 (3025 turns).

epen the Bolt Thrower (Kobold Hunter)               Turns: 3025, Time: 00:03:24

Health: -4/38      AC:  4    Str:  9    XL:     6   Next: 57%
Magic:  6/6        EV: 16    Int: 16    God:
Gold:   88         SH:  0    Dex: 20    Spells: 5/5 levels left

rFire   . . .      SeeInvis .   a - +1 hand crossbow
rCold   . . .      Faith    .   (no shield)
rNeg    . . .      Spirit   .   b - +0 leather armour
rPois   +          Reflect  .   (no helmet)
rElec   .          Harm     .   e - +0 cloak
rCorr   .          Rampage  .   (no gloves)
Will    .....                   (no boots)
Stlth   ++++......              (no amulet)
HPRegen 0.12/turn               d - +6 ring of intelligence
MPRegen 0.10/turn               j - ring of poison resistance

@: hasted, very quick
A: small, no large weapons, nightstalker 3
a: no special abilities


You were on level 3 of the Dungeon.
You visited 1 branch of the dungeon, and saw 3 of its levels.

You collected 88 gold pieces.

Inventory:

Hand Weapons
 a - a +1 hand crossbow (weapon)
Armour
 b - a +0 leather armour (worn)
 e - a +0 cloak (worn)
Jewellery
 d - a +6 ring of intelligence (left hand)
 i - a ring of flight
 j - a ring of poison resistance (right hand)
Scrolls
 c - a scroll of immolation
 g - 3 scrolls of identify
Potions
 f - 2 potions of curing
 h - a potion of resistance
 k - a potion of brilliance
 l - a potion of berserk rage


   Skills:
 + Level 3.7 Fighting
 + Level 6.4 Crossbows
 + Level 2.0 Armour
 + Level 4.1 Dodging
 + Level 3.7 Stealth


You had 5 spell levels left.
You didn't know any spells.
Your spell library contained the following spells:

 Spells                   Type           Power      Damage    Failure   Level
 Sublimation of Blood     Necr           0%         N/A       45%         2
 Petrify                  Tmut/Erth      0%         N/A       98%         4
 Irradiate                Conj/Tmut      0%         3d13      100%        5


Dungeon Overview and Level Annotations

Branches:
Dungeon (3/15)

Altars:
Okawaru

Annotations:
D:3 3 runed translucent doors


Innate Abilities, Weirdness & Mutations

You are small and have problems with some larger weapons.
You are completely attuned to the shadows.


Message History

The gnoll is lightly wounded.
The gnoll hits you from afar with a +0 halberd of protection.
You shoot a bolt.
The bolt hits the gnoll but does no damage.
The gnoll is lightly wounded.
The gnoll hits you from afar with a +0 halberd of protection!
The gnoll barely misses you.
You shoot a bolt. The bolt hits the gnoll.
The gnoll is lightly wounded.
The gnoll hits you from afar with a +0 halberd of protection!
You are too injured to fight recklessly!
You are too injured to fight recklessly!
You are too injured to fight recklessly!
You are too injured to fight recklessly!
You are too injured to fight recklessly!
You are too injured to fight recklessly!
You are too injured to fight recklessly!
You are too injured to fight recklessly!
You are too injured to fight recklessly!
You are too injured to fight recklessly!
You are too injured to fight recklessly!
You are too injured to fight recklessly!
You are too injured to fight recklessly!
Shoot: a) +1 hand crossbow
Press: ? - help, Shift-Dir - straight line, f/p - gnoll
Aim: a gnoll, wielding a +0 halberd of protection (lightly wounded, 71% to hit)
You shoot a bolt. The bolt barely misses the gnoll.
The gnoll closely misses you.
Shoot: a) +1 hand crossbow
Press: ? - help, Shift-Dir - straight line, f/p - gnoll
Aim: a gnoll, wielding a +0 halberd of protection (lightly wounded, 71% to hit)
You shoot a bolt.
The bolt hits the gnoll but does no damage.
The gnoll is lightly wounded.
The gnoll hits you from afar with a +0 halberd of protection!
* * * LOW HITPOINT WARNING * * *
You feel better. The gnoll closely misses you.
You feel yourself speed up.
The gnoll hits you from afar with a +0 halberd of protection!
You die...

#.........†#####....######....#
####.............<#.# #.....
#...############.# ##..#..
#...# #.# #..##.. #..<#######
##.## #...#.) #.........#
##.#.## #......
#..######.####.###.###.....#
#..# #...##.## ##......... #..#
#.###@##.###.#####.#.. .... ...
#)###.#.## #.### ## #g# ##..#
#.# .## ##.# #.# # . #.# #.# #
#.# #.### #.# #.##. #.##.
##########...


You could see a gnoll.

Vanquished Creatures
  Jessica (D:3)
  An orc wizard (D:3)
  2 gnolls (D:3)
  8 adders
  7 river rats (D:3)
  5 worms (D:3)
  2 orcs (D:3)
  5 ball pythons
  2 endoplasms (D:1)
  6 giant cockroaches
  4 goblins
  5 hobgoblins
  3 quokkas
  6 bats
  6 frilled lizards
  5 kobolds
  12 rats
  A spectral goblin (D:1)
81 creatures vanquished.

Notes
Turn   | Place    | Note
-------+----------+-------------------------------------------
     0 | D:1      | epen the Kobold Hunter began the quest for the Orb.
     0 | D:1      | Reached XP level 1. HP: 12/12 MP: 1/1
   150 | D:1      | Reached XP level 2. HP: 18/18 MP: 2/2
   626 | D:1      | Reached XP level 3. HP: 22/22 MP: 3/3
   794 | D:1      | Found a faded altar of an unknown god.
  1123 | D:2      | Reached skill level 1 in Armour
  1128 | D:2      | Reached XP level 4. HP: 27/27 MP: 4/4
  1752 | D:3      | Noticed Jessica
  1756 | D:3      | Killed Jessica
  1757 | D:3      | Reached XP level 5. HP: 19/32 MP: 5/5
  1978 | D:3      | Reached skill level 6 in Crossbows
  2401 | D:3      | Found an iron altar of Okawaru.
  2443 | D:3      | Found a runed translucent gate.
  2444 | D:3      | Found a runed translucent gate.
  2524 | D:3      | Found a runed translucent gate.
  2575 | D:3      | Reached XP level 6. HP: 37/37 MP: 6/6
  3023 | D:3      | HP: 1/38 [gnoll/+0 halberd of protection (11)]
  3025 | D:3      | Slain by a gnoll

Illustrated notes

Levels and vault maps discovered:
D:1:      lemuel_arrival_cross, layout_basic,
          dreamdust_ecumenical_altar_drowned_temple, minmay_tromino_mix6
D:2:      layout_rooms, grunt_ministairs_5
D:3:      layout_loops_ring, okawaru_ov_weapons_minmay,
          lightli_sewer_entry_pipes, gammafunk_ghost_icy,
          kennysheep_cluttered_room, uniq_jessica

Skill      XL: |  1  2  3  4  5  6 |
---------------+-------------------+-----
Dodging        | 3 4 |  4.1
Armour         | 1 2 |  2.0
Fighting       | 3 |  3.7
Stealth        | 2 3 |  3.7
Crossbows      | 6 |  6.4

Action                   |  1- 3 |  4- 6 || total
-------------------------+-------+-------++-------
 Fire: Hand crossbow     |    59 |   156 ||   215
  Use: Scroll            |       |     5 ||     5
       Potion            |       |     2 ||     2
Armor: Leather armour    |     1 |     6 ||     7
Dodge: Dodged            |     9 |    49 ||    58

Table legend: (Time is in decaauts)
 A = Elapsed time spent in this place.
 B = Non-inter-level travel time spent in this place.
 C = Inter-level travel time spent in this place.
 D = Time resting spent in this place.
 E = Time spent auto-exploring this place.
 F = Levels seen in this place.
 G = Mean time per level.
                   A        B        C        D        E       F      G
               +--------+--------+--------+--------+--------+-----+--------+
         Total |   3121 |   3049 |     72 |     72 |   2439 |   3 | 1040.3 |
       Dungeon |   3121 |   3049 |     72 |     72 |   2439 |   3 | 1040.3 |
               +--------+--------+--------+--------+--------+-----+--------+

Top non-repeatable levels by time:
     D:3: 1345 daAuts
     D:1: 1100 daAuts
     D:2: 675 daAuts
